 Dungeon Crawl Stone Soup version 0.23.2-1-ga50397a (webtiles) character file.

Game seed: 9106004367817955838

263 funkygono the Grave Robber (level 5, -6/35 HPs)
             Began as a Demonspawn Necromancer on May 17, 2019.
             Mangled by an ogre
             ... wielding a +0 giant spiked club
              (23 damage)
             ... on level 4 of the Dungeon.
             The game lasted 00:09:53 (2603 turns).

funkygono the Grave Robber (Demonspawn Necromancer) Turns: 2603, Time: 00:09:54

Health: -6/35      AC:  3    Str:  8    XL:     5   Next: 98%
Magic:  9/11       EV: 12    Int: 17    God:
Gold:   141        SH:  0    Dex: 14    Spells: 3/12 levels left

rFire    . . .     SeeInvis .   g - +1 club
rCold    . . .     Gourm    .   (no shield)
rNeg     . . .     Faith    .   d - +0 robe
rPois    .         Spirit   .   (no helmet)
rElec    .         Reflect  .   (no cloak)
rCorr    .         Harm     .   l - +0 pair of gloves
MR       .....                  (no boots)
Stlth    ++........             h - amulet of magic regeneration
HPRegen  0.11/turn              (no ring)
MPRegen  0.37/turn              (no ring)

@: no status effects
A: hooves 1, demonic guardian 1
a: no special abilities


You were on level 4 of the Dungeon.
You were not hungry.

You visited 1 branch of the dungeon, and saw 4 of its levels.

You collected 141 gold pieces.

Inventory:

Hand Weapons
 g - a +1 club (weapon)
Armour
 d - a +0 robe (worn)
 l - a +0 pair of gloves (worn)
Jewellery
 h - an amulet of magic regeneration (around neck)
Wands
 m - a wand of digging (3)
Scrolls
 b - 2 scrolls of identify
 k - a scroll of remove curse
Potions
 a - a potion of resistance {unknown}
 e - a potion of cancellation
 f - a potion of lignification
 i - a potion of brilliance
 j - a potion of berserk rage
Comestibles
 c - 7 rations


   Skills:
 + Level 0.1 Fighting
 + Level 1.9 Dodging
 + Level 2.1 Stealth
 + Level 4.0 Spellcasting
 + Level 6.4 Necromancy


You had 3 spell levels left.
You knew the following spells:

 Your Spells              Type           Power        Failure   Level  Hunger
a - Pain                  Necr           ####         1%          1    None
b - Animate Skeleton      Necr           N/A          1%          1    None
c - Vampiric Draining     Necr           ####......   3%          3    ###....
d - Animate Dead          Necr           N/A          11%         4    ####...

Your spell library contained the following spells:

 Spells                   Type           Power        Failure   Level  Hunger
 Regeneration             Chrm/Necr      ##........   13%         3    ###....


Dungeon Overview and Level Annotations

Branches:
Dungeon (4/15)
 Temple: D:4-7

Altars:
Makhleb
The Shining One


Innate Abilities, Weirdness & Mutations

You have large cloven feet.
A weak demonic guardian rushes to your aid.


Message History

Aiming: Pain (safe; 1% risk of failure)
Press: ? - help, Shift-Dir - straight line, f/p - gnoll
Aim: a gnoll, wielding a +0 club (almost dead, chance to defeat MR: 89%)
The gnoll writhes in agony!
You kill the gnoll!
Casting: Pain (safe; 1% risk of failure)
Confirm with . or Enter, or press ? or * to list all spells.
Aiming: Pain (safe; 1% risk of failure)
Press: ? - help, Shift-Dir - straight line, f - ogre
Aim: an ogre, wielding a +0 giant spiked club (chance to defeat MR: 84%)
The ogre writhes in agony.
Casting: Pain (safe; 1% risk of failure)
Confirm with . or Enter, or press ? or * to list all spells.
Aiming: Pain (safe; 1% risk of failure)
Press: ? - help, Shift-Dir - straight line, f/p - ogre
Aim: an ogre, wielding a +0 giant spiked club (moderately wounded, chance to defeat MR: 84%)
The ogre writhes in agony.
The ogre hits you with a +0 giant spiked club!!
Ouch! That really hurt!
You die...

.......#######
.<........... g...........
..g........ ..........
g.......$ #.g......
######........
###..Z@O5.....##
##.#.#.#.#.#.#.#
#.#.#5#.#.#.#.#
##########.#.#.#.#.#.#.#
#.........#.#.#.#.#.#.#.#
##....ZZ...+#.#.#.#.#.#.#.
...........#.#.#.#.#.....#
............# #.#.#.......
...........#.# #.#.#.....


You could see an ogre, a gnoll, a friendly shadow imp, a friendly ufetubus and a
friendly scorpion zombie.

Vanquished Creatures
  A scorpion (D:4)
  A worker ant (D:4)
  A gnoll (D:4)
  9 adders
  2 worms
  A leopard gecko (D:2)
  2 orcs (D:3)
  3 giant cockroaches
  3 goblins (D:3)
  6 hobgoblins
  A kobold (D:3)
  A quokka (D:3)
  2 ball pythons (D:3)
  7 bats
  9 frilled lizards (D:1)
  A leopard gecko skeleton (D:4)
  4 rats
54 creatures vanquished.

Vanquished Creatures (collateral kills)
  A scorpion (D:3)
  A centaur skeleton (D:4)
  A dart slug (D:2)
  A rat (D:2)
4 creatures vanquished.

Grand Total: 58 creatures vanquished

Notes
Turn   | Place    | Note
-------+----------+-------------------------------------------
     0 | D:1      | funkygono the Demonspawn Necromancer began the quest for
                  | the Orb.
     0 | D:1      | Reached XP level 1. HP: 13/13 MP: 3/3
   477 | D:1      | Gained mutation: A weak demonic guardian rushes to your
                  | aid. [demonic ancestry]
   477 | D:1      | Reached XP level 2. HP: 17/19 MP: 0/5
   573 | D:1      | Learned a level 1 spell: Animate Skeleton
   888 | D:1      | Reached skill level 5 in Necromancy
  1161 | D:2      | Reached XP level 3. HP: 23/24 MP: 3/6
  1186 | D:2      | Found a faded altar of an unknown god.
  1418 | D:2      | Learned a level 3 spell: Vampiric Draining
  1567 | D:2      | Found a burning altar of Makhleb.
  1725 | D:3      | Found a glowing golden altar of the Shining One.
  1916 | D:3      | Gained mutation: You have large cloven feet. [demonic
                  | ancestry]
  1916 | D:3      | Reached XP level 4. HP: 26/30 MP: 4/8
  2355 | D:4      | Reached skill level 6 in Necromancy
  2355 | D:4      | Reached XP level 5. HP: 34/35 MP: 6/9
  2364 | D:4      | Learned a level 4 spell: Animate Dead
  2591 | D:4      | Noticed an ogre
  2603 | D:4      | Mangled by an ogre

Skill      XL: |  1  2  3  4  5 |
---------------+----------------+-----
Necromancy     | 5 6 |  6.4
Stealth        | 2 |  2.1
Spellcasting   | 3 4 |  4.0
Fighting       | |  0.1
Dodging        | |  1.9

Action                   |  1- 3 |  4- 6 || total
-------------------------+-------+-------++-------
Melee: Club              |     5 |    11 ||    16
       Kick              |       |     6 ||     6
 Cast: Pain              |    65 |    47 ||   112
       Animate Skeleton  |    18 |     5 ||    23
       Animate Dead      |       |     3 ||     3
  Use: Scroll            |     7 |     3 ||    10
  Eat: Chunk             |     4 |     3 ||     7
Armor: Robe              |     2 |     4 ||     6
Dodge: Dodged            |    14 |    19 ||    33
